 Dungeon Crawl Stone Soup version 0.13-a0-2355-g3ca5c6e (webtiles) character file.

206 Duskembrace the Sneak (level 4, 0/39 HPs)
             Began as a Naga Assassin on July 13, 2013.
             Slain by an iguana (6 damage)
             ... on Level 3 of the Dungeon.
             The game lasted 00:16:00 (2371 turns).

Duskembrace the Sneak (Naga Assassin)               Turns: 2371, Time: 00:16:00

HP   0/39        AC  5     Str 13      XL: 4   Next: 93%
MP   3/3         EV 10     Int 14      God:
Gold 94          SH  0     Dex 13      Spells:  0 memorised,  3 levels left

Res.Fire  : . . .   See Invis. : +   b - +0 blowgun
Res.Cold  : . . .   Warding    : .   c - +0 robe
Life Prot.: . . .   Conserve   : .   (no shield)
Res.Poison: +       Res.Corr.  : .   (no helmet)
Res.Elec. : .       Clarity    : .   A - +1 dwarf cloak
Sust.Abil.: . .     Spirit.Shd : .   o - +0 pair of gloves
Res.Mut.  : .       Stasis     : .   (no barding)
Res.Rott. : .       Flight     : .   (no amulet)
Saprovore : . . .                    (no ring)
                                     m - +2 ring of intelligence

@: very slow, slightly resistant to hostile enchantments, very stealthy
A: spit poison, see invisible, deformed body, poison resistance, slowness 2, AC
+1
a: Spit Poison


You were on level 3 of the Dungeon.
You were not hungry.

You visited 1 branch of the dungeon, and saw 3 of its levels.

You collected 44 gold pieces.

Inventory:

Hand weapons
 a - a +2,+2 dagger {=f}
 b - a +0 blowgun (weapon)
Missiles
 e - 2 poisoned needles (quivered)
 f - 4 curare-tipped needles
 k - 3 darts
Armour
 c - a +0 robe (worn)
 d - a +0 cloak
 o - a +0 pair of gloves (worn)
 A - a +1 dwarven cloak (worn)
Magical devices
 B - a wand of flame (13)
Comestibles
 g - 2 bread rations
 j - 2 meat rations
 n - 2 chokos
 z - a chunk of hobgoblin flesh
Scrolls
 h - 3 scrolls of enchant weapon I {unknown}
 q - 3 scrolls of identify {unknown}
 r - 2 scrolls of curse jewellery {unknown}
 s - 3 scrolls of teleportation {unknown}
 x - a scroll of curse armour {unknown}
 y - a scroll of random uselessness {unknown}
 C - a scroll of noise {unknown}
 D - a scroll of blinking {unknown}
 E - a scroll of fog {unknown}
Jewellery
 m - a +2 ring of intelligence (left hand)
Potions
 i - a potion of flight {unknown}
 l - a potion of brilliance {unknown}
 p - 2 potions of agility {unknown}
 t - a potion of degeneration {unknown}
 u - a potion of heal wounds {unknown}
 v - a potion of slowing {unknown}
 w - 2 potions of curing {unknown}


   Skills:
 + Level 2.3 Fighting
 + Level 2.2 Short Blades
 + Level 2.0 Throwing
 + Level 2.1 Dodging
 + Level 7.4 Stealth
 + Level 0.8 Traps


You had 3 spell levels left.
You didn't know any spells.

Dungeon Overview and Level Annotations

Branches:
Dungeon (3/27)

Altars:
Makhleb


Innate Abilities, Weirdness & Mutations

You cannot wear boots.
You can spit poison.
Your serpentine skin is tough (AC +1).
You have supernaturally acute eyesight.
Armour fits poorly on your strangely shaped body.
Your system is resistant to poisons.
You cover ground very slowly.


Message History

Press: ? - help, Shift-Dir - straight line, f/p - iguana
Aim: an iguana (lightly wounded)
You shoot a poisoned needle. The poisoned needle misses the iguana.
The iguana barely misses you.
The iguana hisses menacingly.
Firing (i - inventory. (,) - cycle):
e - 4 poisoned needles (quivered)
Press: ? - help, Shift-Dir - straight line, f/p - iguana
Aim: an iguana You shoot a poisoned needle.
The poisoned needle hits the iguana.
The iguana is poisoned.
The iguana bites you.
* * * LOW HITPOINT WARNING * * *
The iguana bites you but does no damage.
The iguana closely misses you.
Firing (i - inventory. (,) - cycle):
e - 3 poisoned needles (quivered)
Press: ? - help, Shift-Dir - straight line, f/p - iguana
Aim: an iguana (moderately wounded, poisoned)
You shoot a poisoned needle. The poisoned needle hits the iguana.
The iguana is moderately wounded.
The iguana bites you.
You die...

.........# #................
..........###..........#.....
#............#......###.......
#.....?......#......###.......
#............#................
#............#.###+#..........
#(.((....).###.#..........
#.....##l......####......
#.....##.@........#.##
+.....''..........
#.....##.......##.
#.....########## #######


You could see an iguana.

Vanquished Creatures
  4 gnolls (D:2)
  A giant mite (D:2)
  3 worms
  An ooze (D:1)
  2 ball pythons
  5 hobgoblins
  3 jackals (D:2)
  2 quokkas
  8 bats
  2 giant newts
  5 goblins
  9 kobolds
  8 rats
53 creatures vanquished.

Vanquished Creatures (others)
  A hobgoblin (D:1)
1 creature vanquished.

Grand Total: 54 creatures vanquished

Notes
Turn   | Place    | Note
--------------------------------------------------------------
     0 | D:1      | Duskembrace, the Naga Assassin, began the quest for the Orb.
     0 | D:1      | Reached XP level 1. HP: 18/18 MP: 0/0
    72 | D:1      | Reached skill level 6 in Stealth
   339 | D:1      | Reached XP level 2. HP: 25/25 MP: 1/1
   769 | D:1      | Reached skill level 1 in Dodging
   940 | D:2      | Reached XP level 3. HP: 31/31 MP: 2/2
  1372 | D:2      | Reached skill level 7 in Stealth
  1730 | D:2      | Reached XP level 4. HP: 39/39 MP: 3/3
  1964 | D:3      | Found a burning altar of Makhleb.
  2371 | D:3      | Slain by an iguana

Action                   |  1- 3 |  4- 6 || total
-------------------------+-------+-------++-------
Melee: Dagger            |   103 |    46 ||   149
 Fire: Blowgun           |     7 |    10 ||    17
 Stab: Sleeping          |    13 |     3 ||    16
       Distracted        |     1 |       ||     1
